 Dungeon Crawl Stone Soup version 0.30-b1-2-g02819fbbbe (webtiles) character file.

Game seed: 11369123804202891235

29 erloom the Ducker (level 2, -8/24 HPs)
             Began as a Demigod Gladiator on May 28, 2023.
             Mangled by Terence
             ... wielding a +0 mace
              (9 damage)
             ... on level 2 of the Dungeon.
             The game lasted 00:01:23 (1023 turns).

erloom the Ducker (Demigod Gladiator)               Turns: 1023, Time: 00:01:23

Health: -8/24      AC:  4    Str: 15    XL:     2   Next: 81%
Magic:  4/4        EV: 12    Int: 10    God:
Gold:   30         SH:  0    Dex: 15    Spells: 1/1 levels left

rFire   . . .        a - +0 long sword
rCold   . . .        (no shield)
rNeg    . . .        b - +0 leather armour
rPois   .            c - +0 helmet
rElec   .            (no cloak)
rCorr   .            (no gloves)
SInv    .            (no boots)
Will    .....        (no amulet)
Stlth   +            (no ring)
HPRegen 0.24/turn    (no ring)
MPRegen 0.09/turn

%: no passive effects
@: no status effects
A: high MP 1, forlorn, divine attributes
a: no special abilities


You were on level 2 of the Dungeon.
You visited 1 branch of the dungeon, and saw 2 of its levels.

You collected 30 gold pieces.

Inventory:

Hand Weapons
 a - a +0 long sword (weapon)
Missiles
 d - 3 throwing nets (quivered)
 e - a javelin
Armour
 b - a +0 leather armour (worn)
 c - a +0 helmet (worn)
Scrolls
 f - a scroll of fear {unknown}
 k - a scroll of teleportation {unknown}
 l - 2 scrolls of poison {unknown}
 m - a scroll of silence {unknown}
Potions
 g - a potion of lignification {unknown}
 h - a potion of cancellation {unknown}
 i - a potion of might {unknown}
 j - a potion of haste {unknown}
 n - a potion of heal wounds {unknown}
 o - a potion of curing {unknown}


   Skills:
 + Level 2.2 Fighting
 + Level 3.0 Long Blades
 - Level 2.0 Throwing
 + Level 3.1 Dodging


You had one spell level left.
You didn't know any spells.
Your spell library was empty.

Dungeon Overview and Level Annotations

Branches:
Dungeon (2/15)

Annotations:
D:2 Terence


Innate Abilities, Weirdness & Mutations

You have an increased reservoir of magic. (+10% MP)
You shall have no god before yourself.
Your divine heritage dramatically boosts your attributes as you level up.


Message History

You slash the rat!
You kill the rat!
No target in view!
No target in view!
You see here a rat corpse.
Terence the Incautious comes into view.
He is wielding a +0 mace.
Terence shouts!
Terence hits you with a +0 mace.
You closely miss Terence. Terence closely misses you.
You barely miss Terence. Terence hits you with a +0 mace.
You hit Terence but do no damage. Terence barely misses you.
Terence misses you.
You hit Terence.
Terence is lightly wounded.
Terence barely misses you.
You hit Terence but do no damage.
Terence is lightly wounded.
Terence closely misses you.
You hit Terence.
Terence is moderately wounded.
Terence hits you with a +0 mace.
You barely miss Terence.
Terence is moderately wounded.
Terence hits you but does no damage. x2
You hit Terence.
Terence is heavily wounded.
Terence bares his teeth.
Terence hits you but does no damage.
You hit Terence but do no damage.
Terence is heavily wounded.
Terence hits you with a +0 mace.
* * * LOW HITPOINT WARNING * * *
You barely miss Terence.
Terence is moderately wounded.
Terence hits you with a +0 mace.
* * * LOW HITPOINT WARNING * * *
You closely miss Terence.
Terence is moderately wounded.
Terence hits you with a +0 mace!
You die...

#...####..........#
# #...†......#
#.........####.
#..............
#######........
#.#####.# #.# #.#
#@# #@# ..# #.## ..
#.# .. ...


You could see Terence.

Vanquished Creatures
  A gnoll (D:1)
  A dart slug (D:1)
  A bat (D:2)
  2 endoplasms (D:1)
  2 giant cockroaches (D:1)
  A goblin (D:1)
  A quokka (D:1)
  3 ball pythons (D:1)
  2 kobolds (D:1)
  4 rats
18 creatures vanquished.

Notes
Turn   | Place    | Note
-------+----------+-------------------------------------------
     0 | D:1      | erloom the Demigod Gladiator began the quest for the Orb.
     0 | D:1      | Reached XP level 1. HP: 17/17 MP: 3/3
   114 | D:1      | Reached XP level 2. HP: 21/24 MP: 4/4
  1007 | D:2      | Noticed Terence
  1022 | D:2      | HP: 1/24 [Terence/+0 mace (6)]
  1023 | D:2      | Mangled by Terence

Illustrated notes

Levels and vault maps discovered:
D:1:      psy_arrival_radial01, layout_basic
D:2:      layout_rooms, amethyst_killhole, minmay_misc_feat_roman, uniq_terence

Skill      XL: |  1  2 |
---------------+-------+-----
Fighting       | 2 |  2.2
Throwing       | 2 |  2.0
Dodging        | 3 |  3.1
Long Blades    | 3 |  3.0

Action                     || total
---------------------------++-------
  Melee: Long sword        ||    58
 Armour: Leather armour    ||    19
  Dodge: Dodged            ||    35
